 Dungeon Crawl Stone Soup version 0.32-a0-909-gc671339a80 (webtiles) character file.

Game seed: 6321786544224816901

54 senseless the Insei (level 3, -3/24 HPs)
             Began as an Octopode Shapeshifter on Apr 6, 2024.
             Slain by a kobold
             ... wielding a +0 dagger
              (4 damage)
             ... on level 2 of the Dungeon.
             The game lasted 00:02:25 (878 turns).

senseless the Insei (Octopode Shapeshifter)          Turns: 878, Time: 00:02:26

Health: -3/24      AC:  1    Str: 13    XL:     3   Next: 91%
Magic:  3/3        EV: 12    Int: 12    God:
Gold:   69         SH:  0    Dex: 13    Spells: 2/2 levels left

rFire   . .          .
                       - Unarmed
rCold   . . .        (no shield)
rNeg    . . .        (helmet currently unavailable)
rPois   .            (no amulet)
rElec   .            (no ring)
rCorr   .            (no ring)
SInv    .            (no ring)
Will    .....        (no ring)
Stlth   ++           (no ring)
HPRegen 0.24/turn    (no ring)
MPRegen 0.08/turn    (no ring)
                     (no ring)

%: no passive effects
@: mighty, beast-form
A: beast (slay +1), almost no armour, amphibious, 8 rings, camouflage 1,
gelatinous body 1, (nimble swimmer 1), tentacles
a: Begin Untransformation


You were on level 2 of the Dungeon.
You were a hulking beast.
You visited 1 branch of the dungeon, and saw 2 of its levels.

You collected 69 gold pieces.

Inventory:

Missiles
 f - 6 javelins (quivered)
Talismans
 b - a beast talisman (active)
 c - a flux talisman
 g - a maw talisman
Scrolls
 e - a scroll of immolation {unknown}
 h - a scroll of revelation {unknown}
 j - a scroll of blinking {unknown}
Potions
 a - 3 potions of lignification
 i - a potion of invisibility {unknown}


   Skills:
 + Level 1.9 Fighting
 + Level 2.6 Dodging
 + Level 3.5 Unarmed Combat
 + Level 3.3 Shapeshifting


You had 2 spell levels left.
You didn't know any spells.
Your spell library was empty.

Dungeon Overview and Level Annotations

Branches:
Dungeon (2/15)

Altars:

Shops:
D:1 (==((


Innate Abilities, Weirdness & Mutations

You are a hulking beast.
Your limbs bulge with bestial killing power. (Slay +1)
You cannot wear most types of armour.
You are amphibious.
You can wear up to eight rings at the same time.
Your skin changes colour to match your surroundings (Stealth+).
Your rubbery body absorbs attacks. (AC +1, EV +1)
((You are camouflaged when in or above water. (Stealth+)))
You have tentacles for arms and can constrict up to eight enemies at once.


Message History

The jackal misses you. The goblin misses you. The jackal bites you.
You bludgeon the quokka!
You kill the quokka!
The jackal closely misses you. x2; The goblin hits you but does no damage.
You barely miss the kobold. Your grab misses the kobold.
The jackal barely misses you. The jackal bites you.
The goblin hits you with a +0 dagger. The kobold barely misses you.
The jackal bites you.
You are too injured to fight recklessly!
You are too injured to fight recklessly!
You are too injured to fight recklessly!
You are too injured to fight recklessly!
You are too injured to fight recklessly!
You are too injured to fight recklessly!
You are too injured to fight recklessly!
You are too injured to fight recklessly!
You are too injured to fight recklessly!
You are too injured to fight recklessly!
You are too injured to fight recklessly!
You are too injured to fight recklessly!
You are too injured to fight recklessly!
Unknown command.
You barely miss the goblin. You grab the goblin. You constrict the goblin.
The jackal bites you. x2
* * * LOW HITPOINT WARNING * * *
The jackal misses you. The kobold closely misses you.
The goblin hits you with a +0 dagger.
* * * LOW HITPOINT WARNING * * *
You tentacle-slap the goblin.
You kill the goblin!
The jackal bites you.
* * * LOW HITPOINT WARNING * * *
The jackal barely misses you. The kobold hits you with a +0 dagger.
* * * LOW HITPOINT WARNING * * *
It was a potion of might.
You feel very mighty all of a sudden. The jackal barely misses you.
The jackal bites you.
* * * LOW HITPOINT WARNING * * *
The kobold hits you with a +0 dagger.
You die...

....# ....# #...<..#.#
....########. #......#.#
............. .........
....#.#########..~~$.# #
....#.# #..(..!.~_~.#.#
###.#.# #...?...~~$...#
###.#.#######...Khg.....
..#.#..[........hhg....#
#.#.#.#######....)......
..#.#### #.........##
.#......# #......<..#
.#......# #......)..#
........# ...#####.##
##......# ....# .#
#......# #....# .
........#


You could see 2 jackals, 2 goblins and a kobold.

Vanquished Creatures
  An adder (D:2)
  3 dart slugs
  3 ball pythons
  4 endoplasms (D:1)
  5 goblins
  4 hobgoblins (D:1)
  7 jackals
  A quokka (D:2)
  2 bats
  A frilled lizard (D:2)
  A kobold (D:1)
  4 rats
36 creatures vanquished.

Notes
Turn   | Place    | Note
-------+----------+-------------------------------------------
     0 | D:1      | senseless the Octopode Shapeshifter began the quest for the
                  | Orb.
     0 | D:1      | Reached XP level 1. HP: 13/13 MP: 1/1
    14 | D:1      | Found Ytwos's Antique Weapon Shoppe.
    44 | D:1      | Found Benodigo's Jewellery Shop.
    68 | D:1      | Found Uvack's Jewellery Boutique.
   113 | D:1      | Reached XP level 2. HP: 17/18 MP: 2/2
   123 | D:1      | Found Ydoef's Weapon Emporium.
   244 | D:1      | Reached XP level 3. HP: 19/23 MP: 3/3
   570 | D:1      | Found Kaloic's Antique Weapon Boutique.
   863 | D:2      | Found a faded altar of an unknown god.
   877 | D:2      | HP: 1/24 [kobold/+0 dagger (3)]
   878 | D:2      | Slain by a kobold

Illustrated notes

Levels and vault maps discovered:
D:1:      dpeg_arrival_tiny_d, layout_loops_ring, serial_shops, shop, shop,
          shop, shop, nicolae_shop_real_fake_doors
D:2:      layout_basic, hellmonk_ecumenical_altar_pennies_from_heaven,
          uniq_robin

Action                     || total
---------------------------++-------
  Melee: Unarmed           ||    59
         Tentacles         ||    12
         Constrict         ||    18
         Punch             ||     2
    Use: Potion            ||     1
   Stab: Sleeping          ||     6
 Armour: Skin              ||    31
  Dodge: Dodged            ||    44

Table legend: (Time is in decaauts)
 A = Elapsed time spent in this place.
 B = Non-inter-level travel time spent in this place.
 C = Inter-level travel time spent in this place.
 D = Time resting spent in this place.
 E = Time spent auto-exploring this place.
 F = Levels seen in this place.
 G = Mean time per level.
                   A        B        C        D        E       F      G
               +--------+--------+--------+--------+--------+-----+--------+
         Total |    874 |    860 |     14 |      0 |    693 |   2 |  437.0 |
       Dungeon |    874 |    860 |     14 |      0 |    693 |   2 |  437.0 |
               +--------+--------+--------+--------+--------+-----+--------+

Top non-repeatable levels by time:
     D:1: 706 daAuts
     D:2: 167 daAuts
